 Dungeon Crawl Stone Soup version 0.24.0-1-gfbc8707 (webtiles) character file.

Game seed: 1590569513607778184, levelgen mode: deterministic

214 ricardofg the Gusty (level 5, -1/29 HPs)
             Began as a Tengu Air Elementalist on Nov 5, 2019.
             Slain by a bullfrog (3 damage)
             ... on level 6 of the Dungeon.
             The game lasted 00:21:05 (4459 turns).

ricardofg the Gusty (Tengu Air Elementalist)        Turns: 4459, Time: 00:21:05

Health: -1/29      AC:  2    Str:  9    XL:     5   Next: 92%
Magic:  9/10       EV: 13    Int: 16    God:
Gold:   218        SH:  0    Dex: 14    Spells: 7/10 levels left

rFire    . . .     SeeInvis .   u - +3 dagger (speed)
rCold    . . .     Gourm    .   (no shield)
rNeg     . . .     Faith    .   a - +0 robe
rPois    .         Spirit   .   (helmet restricted)
rElec    .         Reflect  .   (no cloak)
rCorr    .         Harm     .   (no gloves)
MR       .....                  (boots unavailable)
Stlth    ++........             (no amulet)
HPRegen  0.09/turn              k - ring of flight
MPRegen  0.12/turn              (no ring)

@: no status effects
A: beak, talons 3, able to fly
a: Fly, Evoke Flight


You were on level 6 of the Dungeon.
You were not hungry.

You visited 1 branch of the dungeon, and saw 5 of its levels.

You collected 218 gold pieces.

Inventory:

Hand Weapons
 d - a +1 whip of holy wrath
 u - a +3 dagger of speed (weapon)
Missiles
 b - 4 atropa-tipped darts
 h - 60 stones (quivered)
 n - 15 poisoned darts
Armour
 a - a +0 robe (worn)
 g - a +0 cloak
 q - a +0 leather armour
Jewellery
 k - a ring of flight (left hand)
Scrolls
 e - 4 scrolls of teleportation {unknown}
 j - 2 scrolls of amnesia {unknown}
 l - 2 scrolls of noise {unknown}
 m - a scroll of random uselessness {unknown}
 p - 2 scrolls of fear {unknown}
 s - a scroll of magic mapping {unknown}
Potions
 f - a potion of cancellation {unknown}
 i - a potion of might {unknown}
 o - a potion of berserk rage {unknown}
 t - 2 potions of curing {unknown}
Comestibles
 c - 3 rations
 r - a chunk of flesh


   Skills:
 + Level 1.4 Fighting
 + Level 3.0 Dodging
 - Level 2.0 Stealth
 * Level 3.2 Spellcasting
 * Level 3.7 Conjurations
 * Level 5.5 Air Magic


You had 7 spell levels left.
You knew the following spells:

 Your Spells              Type           Power        Failure   Level  Hunger
a - Shock                 Conj/Air       ###.         2%          1    None
b - Swiftness             Chrm/Air       ##......     9%          2    ##.....

Your spell library contained the following spells:

 Spells                   Type           Power        Failure   Level  Hunger
 Static Discharge         Conj/Air       ###.....     9%          3    ###....
 Airstrike                Air            ###.......   19%         4    ####...
 Lightning Bolt           Conj/Air       ###.......   58%         5    ######.


Dungeon Overview and Level Annotations

Branches:
Dungeon (4/15)
 Temple: D:4-7

Altars:
Kikubaaqudgha
Makhleb
Sif Muna
Yredelemnul
Zin


Innate Abilities, Weirdness & Mutations

You have a beak for a mouth.
You have claws for feet.
You can fly continuously.


Message History

The bullfrog hits you!
Casting: Shock (safe; 2% risk of failure)
Confirm with . or Enter, or press ? or * to list all spells.
Aiming: Shock (safe; 2% risk of failure)
Press: ? - help, Shift-Dir - straight line, f - bullfrog
Aim: a bullfrog (moderately wounded)
Okay, then.
The bullfrog hits you but does no damage.
The bullfrog hits you.
You see here 12 arrows.
The bullfrog hits you!
Casting: Shock (safe; 2% risk of failure)
Confirm with . or Enter, or press ? or * to list all spells.
Aiming: Shock (safe; 2% risk of failure)
Press: ? - help, Shift-Dir - straight line, f - bullfrog
Aim: a bullfrog (moderately wounded)
The zap misses the bullfrog.
The bullfrog hits you!
* * * LOW HITPOINT WARNING * * *
The bullfrog hits you.
You die...

#.##########
#.# #.#
###########
#รท#
#..........
#.#
#.#########
#.# #(# #.#
#.# #.# #F#
##.####@#
#.......#
#######.#
#.# ###


You could see a bullfrog.

Vanquished Creatures
  An orc wizard (D:3)
  Robin (D:2)
  5 adders
  2 oozes
  4 worms (D:2)
  3 leopard geckos
  13 orcs
  7 bats
  5 giant cockroaches
  14 goblins
  10 hobgoblins
  A jackal (D:4)
  A quokka (D:3)
  3 ball pythons
  2 frilled lizards
  11 kobolds
  8 rats
91 creatures vanquished.

Notes
Turn   | Place    | Note
-------+----------+-------------------------------------------
     0 | D:1      | ricardofg the Tengu Air Elementalist began the quest for
                  | the Orb.
     0 | D:1      | Reached XP level 1. HP: 10/10 MP: 4/4
   268 | D:1      | Reached XP level 2. HP: 15/15 MP: 0/6
   478 | D:1      | Learned a level 2 spell: Swiftness
  1201 | D:1      | Reached XP level 3. HP: 12/20 MP: 0/7
  1595 | D:2      | Noticed Robin
  1943 | D:1      | Reached XP level 4. HP: 19/24 MP: 6/8
  2085 | D:2      | Found a glowing silver altar of Zin.
  2089 | D:2      | Found a burning altar of Makhleb.
  2416 | D:2      | Killed Robin
  2416 | D:2      | Reached skill level 1 in Fighting
  2678 | D:2      | Found a basalt altar of Yredelemnul.
  2721 | D:3      | Reached skill level 5 in Air Magic
  3010 | D:3      | Found a shimmering blue altar of Sif Muna.
  3017 | D:3      | Found an ancient bone altar of Kikubaaqudgha.
  3119 | D:2      | Gained mutation: You can fly continuously. [Tengu growth]
  3119 | D:2      | Reached XP level 5. HP: 12/29 MP: 0/10
  4371 | D:4      | You fall into a shaft and drop 2 floors!
  4459 | D:6      | Slain by a bullfrog

Levels and vault maps discovered:
D:1:      lightli_arrival_statue_moat, layout_loops_ring
D:2:      layout_rooms, chequers_temple_overflow_statue_of_worship, uniq_robin
D:3:      cheibrodos_old_hovel, layout_rooms, grunt_temple_overflow_open
D:4:      layout_rooms, chequers_avenue, kennysheep_generic_room_6
D:6:      layout_basic, kennysheep_opposing_triangles

Skill      XL: |  1  2  3  4  5 |
---------------+----------------+-----
Conjurations   | 2 3 |  3.7
Fighting       | 1 |  1.4
Air Magic      | 5 |  5.5
Spellcasting   | 3 |  3.2
Dodging        | 3 |  3.0
Stealth        | |  2.0

Action                   |  1- 3 |  4- 6 || total
-------------------------+-------+-------++-------
Melee: Whip              |     8 |     9 ||    17
       Kick              |       |     6 ||     6
       Peck              |       |     5 ||     5
       Dagger            |       |    30 ||    30
Throw: Stone             |     1 |    11 ||    12
 Cast: Shock             |    62 |   128 ||   190
       Swiftness         |     1 |       ||     1
  Use: Potion            |     2 |       ||     2
 Stab: Sleeping          |       |     2 ||     2
  Eat: Chunk             |     3 |     5 ||     8
       Ration            |     1 |     1 ||     2
Armor: Robe              |     4 |    11 ||    15
Dodge: Dodged            |    20 |    38 ||    58
